 Dungeon Crawl Stone Soup version 0.27-a0-1105-g946c659c87 (webtiles) character file.

Game seed: 13506987830276147629

417 freelancePsychic the Cleaver (level 6, 0/47 HPs)
             Began as a Hill Orc Artificer on Apr 29, 2021.
             Slain by a sky beast (5 damage)
             ... on level 5 of the Dungeon.
             The game lasted 00:10:55 (5781 turns).

freelancePsychic the Cleaver (Hill Orc Artificer)   Turns: 5781, Time: 00:10:55

Health: 0/47       AC:  6    Str: 17    XL:     6   Next: 93%
Magic:  6/6        EV:  8    Int: 11    God:
Gold:   170        SH:  8    Dex: 11    Spells: 5/5 levels left

rFire    . . .     SeeInvis .   f - +1 mace
rCold    . . .     Faith    .   x - +0 buckler
rNeg     . . .     Spirit   .   m - +0 scale mail
rPois    .         Reflect  +   (no helmet)
rElec    .         Harm     .   (no cloak)
rCorr    .         Rampage  .   (no gloves)
Will     .....                  (no boots)
Stlth    ..........             w - amulet of reflection
HPRegen  0.15/turn              (no ring)
MPRegen  0.10/turn              (no ring)

@: no status effects
A: no striking features
a: no special abilities


You were on level 5 of the Dungeon.
You visited 1 branch of the dungeon, and saw 5 of its levels.

You collected 170 gold pieces.

Inventory:

Hand Weapons
 a - a +0 club
 f - a +1 mace (weapon)
Missiles
 h - 18 poisoned darts
Armour
 m - a +0 scale mail (worn)
 x - a +0 buckler (worn)
Jewellery
 b - a ring of flight
 w - an amulet of reflection (around neck)
Wands
 d - a wand of charming (8) (quivered)
 v - a wand of polymorph (7)
Potions
 c - a potion of attraction
 g - a potion of cancellation
 i - a potion of heal wounds {unknown}
 j - 2 potions of resistance
 o - a potion of degeneration {unknown}
 q - a potion of curing {@q1}
 r - 2 potions of lignification {unknown}
 s - 2 potions of brilliance {unknown}
 t - a potion of ambrosia {unknown}
Miscellaneous
 e - a piece from Xom's chessboard (7/15)


   Skills:
 + Level 1.6 Fighting
 + Level 8.6 Axes
 + Level 2.4 Armour
 + Level 1.0 Dodging
 - Level 0.7 Stealth
 - Level 3.0 Evocations


You had 5 spell levels left.
You didn't know any spells.
Your spell library contained the following spells:

 Spells                   Type           Power      Damage    Failure   Level
 Magic Dart               Conj           0%         1d3       90%         1
 Sting                    Tmut/Pois      0%         1d3       90%         1
 Poisonous Vapours        Pois/Air       0%         N/A       97%         2
 Searing Ray              Conj           0%         3d3       97%         2
 Confusing Touch          Hex            0%         N/A       99%         3
 Dazzling Flash           Conj/Hex       0%         N/A       99%         3
 Gell's Gravitas          Tloc           0%         N/A       99%         3
 Ignite Poison            Fire/Tmut/Pois 0%         N/A       99%         3
 Mephitic Cloud           Conj/Pois/Air  0%         N/A       99%         3
 Fulminant Prism          Conj/Hex       0%         3d6       100%        4
 Iskenderun's Mystic Bla  Conj/Tloc      0%         2d3       100%        4
 Olgreb's Toxic Radiance  Pois           0%         N/A       100%        4
 Petrify                  Tmut/Erth      0%         N/A       100%        4
 Metabolic Englaciation   Hex/Ice        0%         N/A       100%        5
 Yara's Violent Unravell  Hex/Tmut       0%         3d3       100%        5


Dungeon Overview and Level Annotations

Branches:
Dungeon (5/15)
 Temple: D:4-7

Altars:


Message History

What are your orders? t - Shout!
Orders for allies: a - Attack new target. p - Attack previous target. r - Retreat! s - Stop attacking. g - Guard the area. f - Follow me.
Anything else - Cancel.
Gang up on whom?
Press: ? - help, Dir - move target, f - ogre, p - sky beast
Aim: an ogre, wielding a +0 giant spiked club Attack!
Your sky beast hits the ogre.
Your sky beast shocks the ogre.
The ogre hits your sky beast with a +0 giant spiked club!
Something hits your sky beast. Something shocks your sky beast.
Your sky beast completely resists.
Your sky beast flickers out of sight for a moment.
Your sky beast hits the ogre.
Your sky beast shocks the ogre.
The ogre hits your sky beast with a +0 giant spiked club!
Your sky beast dies!
The ogre looks more experienced.
The ogre shouts!
Your piece from Xom's chessboard (7/15) has regained one charge.
Your Dodging skill increases to level 1!
A sky beast appears from thin air!
Reactivating autopickup.
The sky beast flickers out of sight!
Deactivating autopickup; reactivate with Ctrl-A.
A sky beast appears from thin air!
Reactivating autopickup.
Found 28 sling bullets.
An ufetubus comes into view.
The ufetubus shouts!
You hit the ufetubus.
The ufetubus is severely wounded.
You block the ufetubus's attack. The ufetubus hits you.
* * * LOW HITPOINT WARNING * * *
The ufetubus barely misses you. The ufetubus hits you.
* * * LOW HITPOINT WARNING * * *
The sky beast hits you.
* * * LOW HITPOINT WARNING * * *
The sky beast shocks you.
You die...

#### #... #.## #.# #.#
)# #.# ######### #.#
#.# #.5.....# #.# #.#
#@#####.# #.# #.#
#Y#<(.#.# #.# #.#
#O###.#.# #.# #.##
###...O.#.###.###...
.......................
.............#.........
(......................
##############≈#.#####.
#.#.# #...


You could see a sky beast, an ogre and an ufetubus.

Vanquished Creatures
  A black bear (D:5)
  A scorpion (D:5)
  A howler monkey (D:4)
  A centaur skeleton (D:5)
  An orc wizard (D:4)
  5 adders
  2 ufetubi (D:4)
  3 worms
  2 dart slugs
  An orc (D:4)
  A ball python (D:3)
  6 endoplasms
  4 giant cockroaches
  6 hobgoblins
  2 jackals (D:5)
  2 quokkas
  7 bats
  9 frilled lizards
  7 goblins
  10 kobolds
  3 rats
75 creatures vanquished.

Vanquished Creatures (others)
  A sky beast (D:5)
  An orc (D:4)
  A ball python (D:1)
3 creatures vanquished.

Grand Total: 78 creatures vanquished

Notes
Turn   | Place    | Note
-------+----------+-------------------------------------------
     0 | D:1      | freelancePsychic the Hill Orc Artificer began the quest for
                  | the Orb.
     0 | D:1      | Reached XP level 1. HP: 16/16 MP: 1/1
   247 | D:1      | Reached skill level 1 in Axes
   304 | D:1      | Reached skill level 2 in Axes
   305 | D:1      | Reached XP level 2. HP: 20/23 MP: 2/2
   323 | D:1      | HP: 1/23 [poisoned by a kobold]
   763 | D:1      | Reached skill level 3 in Axes
  1022 | D:1      | Reached XP level 3. HP: 15/28 MP: 3/3
  1662 | D:2      | Reached skill level 4 in Axes
  2256 | D:2      | You fall into a shaft and drop 1 floor!
  2270 | D:3      | Reached XP level 4. HP: 35/35 MP: 4/4
  2646 | D:3      | Reached skill level 5 in Axes
  3248 | D:3      | Found a faded altar of an unknown god.
  4141 | D:4      | Reached skill level 6 in Axes
  4141 | D:4      | Reached XP level 5. HP: 24/40 MP: 5/5
  4551 | D:4      | Reached skill level 7 in Axes
  4782 | D:4      | Noticed a phantom
  4817 | D:5      | Entered Level 5 of the Dungeon
  5164 | D:5      | Reached XP level 6. HP: 15/47 MP: 6/6
  5407 | D:5      | Noticed a black bear
  5420 | D:5      | Killed a black bear
  5421 | D:5      | Reached skill level 8 in Axes
  5428 | D:5      | Noticed a sky beast
  5678 | D:5      | Noticed a sky beast
  5762 | D:5      | Reached skill level 1 in Dodging
  5781 | D:5      | Slain by a sky beast

Illustrated notes

Levels and vault maps discovered:
D:1:      tarquinn_simple_flora_water_d, layout_loops_cross,
          hangedman_decor_clover_reticule, minmay_misc_feat_diagonals,
          minmay_three_crescents
D:2:      layout_basic, basic_altar
D:3:      layout_basic, hellmonk_ecumenical_altar_arch_garden
D:4:      layout_loops_ring
D:5:      layout_basic

Skill      XL: |  1  2  3  4  5  6 |
---------------+-------------------+-----
Axes           | 2 3 4 6 7 8 |  8.6
Dodging        | 1 |  1.0
Fighting       | |  1.6
Armour         | |  2.4
Stealth        | |  0.7
Evocations     | |  3.0

Action                   |  1- 3 |  4- 6 || total
-------------------------+-------+-------++-------
Melee: Mace              |   135 |   214 ||   349
Evoke: Wand              |    14 |     9 ||    23
       Piece from Xom's  |     4 |    14 ||    18
  Use: Potion            |       |     3 ||     3
       Scroll            |       |     6 ||     6
 Stab: Petrified         |     5 |     2 ||     7
       Invisible         |       |     1 ||     1
Armor: Scale mail        |    71 |   135 ||   206
       Leather armour    |     4 |       ||     4
Dodge: Dodged            |    69 |   122 ||   191
Block: Buckler           |       |    50 ||    50

Table legend: (Time is in decaauts)
 A = Elapsed time spent in this place.
 B = Non-inter-level travel time spent in this place.
 C = Inter-level travel time spent in this place.
 D = Time resting spent in this place.
 E = Time spent auto-exploring this place.
 F = Levels seen in this place.
 G = Mean time per level.
                   A        B        C        D        E       F      G
               +--------+--------+--------+--------+--------+-----+--------+
         Total |   5880 |   5817 |     63 |   2027 |   2763 |   5 | 1176.0 |
       Dungeon |   5880 |   5817 |     63 |   2027 |   2763 |   5 | 1176.0 |
               +--------+--------+--------+--------+--------+-----+--------+

Top non-repeatable levels by time:
     D:3: 1568 daAuts
     D:1: 1496 daAuts
     D:2: 1106 daAuts
     D:5: 983 daAuts
     D:4: 724 daAuts
